DSL
DSL LOS ANGELES (A) ANGELS @ DSL COLORADO ROCKIES
05/20/2042
 
TOP OF THE 1ST
DSL Los Angeles (A) Angels batting - Pitching for DSL Colorado Rockies : RHP Alfredo Bravo
Pitching: RHP Alfredo Bravo
Batting: SHB Dani Vega 0-0: Ball
1-0: Foul Ball, location: 7LMF
1-1: Ball
2-1: Swinging Strike
2-2: Foul Ball, location: 3F
2-2: Strikes out swinging
Batting: RHB Juan Contreras 0-0: Foul Ball, location: 25FF
0-1: Swinging Strike
0-2: Strikes out swinging
Batting: LHB Mauro Aranda 0-0: Ball
1-0: Fly out, F6 (Popup, P, EV 81.9 MPH)
Top of the 1st over - 0 runs, 0 hits, 0 errors, 0 left on base; DSL Los Angeles (A) 0 - DSL Colorado 0
BOTTOM OF THE 1ST
DSL Colorado Rockies batting - Pitching for DSL Los Angeles (A) Angels : RHP Raúl Antúnez
Pitching: RHP Raúl Antúnez
Batting: RHB Luis Fuentes 0-0: Foul Ball, location: 2F
0-1: Ball
1-1: Foul Ball, location: 9LSF
1-2: Fly out, F7 (Flyball, 7, EV 90.0 MPH)
Batting: LHB Luis Salazar 0-0: Ball
1-0: Called Strike
1-1: SINGLE (Groundball, 23, EV 61.9 MPH) (infield hit)
Batting: LHB Raúl Rodríguez 0-0: Fly out, F7 (Line Drive, 7S, EV 104.4 MPH)
Batting: RHB Danny Morris 0-0: Ball
1-0: Called Strike
1-1: Foul Ball, location: 5F
1-2: Foul Ball, location: 25F
1-2: Foul Ball, location: 5FF
1-2: Ball
2-2: Strikes out swinging
Bottom of the 1st over - 0 runs, 1 hit, 0 errors, 1 left on base; DSL Los Angeles (A) 0 - DSL Colorado 0
TOP OF THE 2ND
DSL Los Angeles (A) Angels batting - Pitching for DSL Colorado Rockies : RHP Alfredo Bravo
Batting: RHB António Toro 0-0: Swinging Strike
0-1: Fly out, F9 (Flyball, 9S, EV 79.4 MPH)
Batting: SHB José Colinas 0-0: Ball
1-0: Ball
2-0: Ball
3-0: Called Strike
3-1: Base on Balls
Batting: RHB Manny García 0-0: Called Strike
0-1: DOUBLE (Line Drive, 78D, EV 104.4 MPH)
José Colinas to third
Batting: LHB Jamie Rowling 0-0: Called Strike
0-1: Called Strike
0-2: Foul Ball, location: 5FF
0-2: Foul Ball, location: 2F
0-2: Strikes out swinging
Batting: RHB Iván Hernández 0-0: Called Strike
0-1: Ball
1-1: Swinging Strike
1-2: Strikes out swinging
Top of the 2nd over - 0 runs, 1 hit, 0 errors, 2 left on base; DSL Los Angeles (A) 0 - DSL Colorado 0
BOTTOM OF THE 2ND
DSL Colorado Rockies batting - Pitching for DSL Los Angeles (A) Angels : RHP Raúl Antúnez
Batting: LHB David Salinas 0-0: Ground out 6-3 (Groundball, 6M, EV 107.5 MPH)
Batting: RHB José Ramírez 0-0: Ball
1-0: Ball
2-0: Ball
3-0: Base on Balls
Batting: RHB Luis Rosales 0-0: Called Strike
0-1: Ball
1-1: Called Strike
1-2: Strikes out swinging
Batting: RHB Chris Williams 0-0: Ball
1-0: Swinging Strike
1-1: Ball
2-1: Ball
3-1: Fly out, F4 (Popup, 34D, EV 43.8 MPH)
Bottom of the 2nd over - 0 runs, 0 hits, 0 errors, 1 left on base; DSL Los Angeles (A) 0 - DSL Colorado 0
TOP OF THE 3RD
DSL Los Angeles (A) Angels batting - Pitching for DSL Colorado Rockies : RHP Alfredo Bravo
Batting: SHB Tomás Vargas 0-0: Swinging Strike
0-1: Ball
1-1: Ball
2-1: Ball
3-1: Base on Balls
Batting: SHB Dani Vega 0-0: Bunt missed!
0-1: Ball
1-1: Sac Bunt to 3S - play at first, batter safe!
Tomás Vargas to second
Batting: RHB Juan Contreras 0-0: Bunted foul
0-1: Bunted foul
0-2: Strikes out swinging
Batting: LHB Mauro Aranda 0-0: Ball
1-0: Called Strike
1-1: Ball
2-1: Ball
3-1: Called Strike
3-2: Foul Ball, location: 5SF
3-2: SINGLE (Line Drive, 8RS, EV 108.8 MPH)
Tomás Vargas to third
Dani Vega to second
Runner from 3rd tries for Home, SAFE, throw by CF to home
Batting: RHB António Toro 0-0: Ball
1-0: Swinging Strike
1-1: Ball
2-1: Ball
3-1: Base on Balls
Dani Vega to third
Mauro Aranda to second
Batting: SHB José Colinas 0-0: Ball
1-0: Ball
2-0: Foul Ball, location: 7LDF
2-1: Foul Ball, location: 2F
2-2: Strikes out looking
Batting: RHB Manny García 0-0: Swinging Strike
0-1: Foul Ball, location: 9LMF
0-2: Strikes out swinging
Top of the 3rd over - 1 run, 2 hits, 0 errors, 3 left on base; DSL Los Angeles (A) 1 - DSL Colorado 0
BOTTOM OF THE 3RD
DSL Colorado Rockies batting - Pitching for DSL Los Angeles (A) Angels : RHP Raúl Antúnez
Batting: RHB Jim Unknown 0-0: Called Strike
0-1: Called Strike
0-2: Ball
1-2: Ball
2-2: Foul Ball, location: 2LF
2-2: Ball
3-2: Foul Ball, location: 9LMF
3-2: Foul Ball, location: 9LMF
3-2: Strikes out swinging
Batting: RHB Luis Fuentes 0-0: Swinging Strike
0-1: Foul Ball, location: 2F
0-2: Strikes out swinging
Batting: LHB Luis Salazar 0-0: Ball
1-0: Ball
2-0: Ball
3-0: Base on Balls
Batting: LHB Raúl Rodríguez 0-0: Ball
1-0: Called Strike
1-1: Called Strike
Luis Salazar steals 2nd base
1-2: Fly out, F8 (Flyball, 78M, EV 93.1 MPH)
Bottom of the 3rd over - 0 runs, 0 hits, 0 errors, 1 left on base; DSL Los Angeles (A) 1 - DSL Colorado 0
TOP OF THE 4TH
DSL Los Angeles (A) Angels batting - Pitching for DSL Colorado Rockies : RHP Alfredo Bravo
Batting: LHB Jamie Rowling 0-0: Called Strike
0-1: Foul Ball, location: 2F
0-2: Strikes out swinging
Batting: RHB Iván Hernández 0-0: Swinging Strike
0-1: Ball
1-1: Foul Ball, location: 3SF
1-2: Strikes out swinging
Batting: SHB Tomás Vargas 0-0: Swinging Strike
0-1: Fly out, F7 (Flyball, 7D, EV 100.0 MPH)
Top of the 4th over - 0 runs, 0 hits, 0 errors, 0 left on base; DSL Los Angeles (A) 1 - DSL Colorado 0
BOTTOM OF THE 4TH
DSL Colorado Rockies batting - Pitching for DSL Los Angeles (A) Angels : RHP Raúl Antúnez
Batting: RHB Danny Morris 0-0: Ball
1-0: Ball
2-0: Ball
3-0: Called Strike
3-1: Foul Ball, location: 5F
3-2: Strikes out swinging
Batting: LHB David Salinas 0-0: Called Strike
0-1: Ball
1-1: Foul Ball, location: 7LSF
1-2: Strikes out swinging
Batting: RHB José Ramírez 0-0: Foul Ball, location: 7LMFF
0-1: Foul Ball, location: 2F
0-2: Ground out 3-1 (Groundball, 34S, EV 81.9 MPH)
Bottom of the 4th over - 0 runs, 0 hits, 0 errors, 0 left on base; DSL Los Angeles (A) 1 - DSL Colorado 0
TOP OF THE 5TH
DSL Los Angeles (A) Angels batting - Pitching for DSL Colorado Rockies : RHP Alfredo Bravo
Batting: SHB Dani Vega 0-0: Ball
1-0: Ball
2-0: Ball
3-0: Base on Balls
Batting: RHB Juan Contreras 0-0: Bunted foul
0-1: Sac Bunt to 15 - play at first, batter OUT! 1-3
Dani Vega to second
Batting: LHB Mauro Aranda 0-0: Ball
1-0: Called Strike
1-1: Foul Ball, location: 9LDF
1-2: Ball
2-2: Strikes out swinging
Pitching: LHP Raúl Padilla
Batting: RHB António Toro 0-0: Swinging Strike
0-1: Foul Ball, location: 2F
0-2: Ball
1-2: Strikes out swinging
Top of the 5th over - 0 runs, 0 hits, 0 errors, 1 left on base; DSL Los Angeles (A) 1 - DSL Colorado 0
BOTTOM OF THE 5TH
DSL Colorado Rockies batting - Pitching for DSL Los Angeles (A) Angels : RHP Raúl Antúnez
Batting: RHB Luis Rosales 0-0: Ball
1-0: Ground out 6-3 (Groundball, 6M, EV 85.6 MPH)
Batting: RHB Chris Williams 0-0: Ball
1-0: Ball
2-0: Ball
3-0: Foul Ball, location: 9LMF
3-1: Base on Balls
Batting: RHB Jim Unknown 0-0: Ball
1-0: Swinging Strike
1-1: Ball
2-1: Called Strike
2-2: Foul Ball, location: 7LDF
2-2: Ball
3-2: Strikes out looking
Chris Williams is caught stealing 2nd base 2-4
Batter strikes out.
Bottom of the 5th over - 0 runs, 0 hits, 0 errors, 0 left on base; DSL Los Angeles (A) 1 - DSL Colorado 0
TOP OF THE 6TH
DSL Los Angeles (A) Angels batting - Pitching for DSL Colorado Rockies : LHP Raúl Padilla
Batting: SHB José Colinas 0-0: Fly out, F7 (Flyball, 7D, EV 92.5 MPH)
Batting: RHB Manny García 0-0: Ball
1-0: Called Strike
1-1: Ball
2-1: Ball
3-1: Called Strike
3-2: SINGLE (Groundball, 56, EV 100.0 MPH)
Batting: LHB Jamie Rowling 0-0: Ball
1-0: Foul Ball, location: 2F
1-1: Ball
2-1: Ball
3-1: Swinging Strike
3-2: Strikes out looking
Batting: RHB Iván Hernández 0-0: Called Strike
0-1: Ball
1-1: Called Strike
1-2: Ball
2-2: Fly out, F2 (Popup, 3SF, EV 64.4 MPH)
Top of the 6th over - 0 runs, 1 hit, 0 errors, 1 left on base; DSL Los Angeles (A) 1 - DSL Colorado 0
BOTTOM OF THE 6TH
DSL Colorado Rockies batting - Pitching for DSL Los Angeles (A) Angels : RHP Raúl Antúnez
Batting: RHB Luis Fuentes 0-0: Hit by Pitch
Batting: LHB Luis Salazar 0-0: Ball
Luis Fuentes steals 2nd base
1-0: Ball
2-0: Ball
3-0: Called Strike
3-1: Called Strike
3-2: Foul Ball, location: 9LSF
3-2: Strikes out swinging
Pitching: LHP José Guzmán
Batting: LHB Raúl Rodríguez 0-0: SINGLE (Groundball, 34, EV 104.4 MPH)
Luis Fuentes to third
Batting: RHB Danny Morris 0-0: Ball
1-0: Foul Ball, location: 2F
1-1: Ground out 6-3 (Groundball, 6MD, EV 77.5 MPH)
Luis Fuentes scores
Raúl Rodríguez to second
Batting: LHB David Salinas 0-0: Ball
1-0: Called Strike
1-1: Called Strike
1-2: 2-RUN HOME RUN (Flyball, 7LD, EV 93.8 MPH), Distance : 335 ft
Batting: RHB José Ramírez 0-0: Ball
1-0: Called Strike
1-1: Foul Ball, location: 2F
1-2: Foul Ball, location: 9LSF
1-2: Fly out, F1 (Popup, 13, EV 78.8 MPH)
Bottom of the 6th over - 3 runs, 2 hits, 0 errors, 0 left on base; DSL Los Angeles (A) 1 - DSL Colorado 3
TOP OF THE 7TH
DSL Los Angeles (A) Angels batting - Pitching for DSL Colorado Rockies : LHP Raúl Padilla
Batting: SHB Tomás Vargas 0-0: Ball
1-0: Ball
2-0: Called Strike
2-1: Ball
3-1: Base on Balls
Batting: SHB Dani Vega 0-0: Swinging Strike
0-1: Fly out, F8 (Flyball, 8LM, EV 82.5 MPH)
Batting: RHB Juan Contreras 0-0: Ball
1-0: Foul Ball, location: 9LDF
1-1: Fly out, F8 (Flyball, 8LXD, EV 93.1 MPH)
Batting: LHB Mauro Aranda 0-0: Called Strike
0-1: Foul Ball, location: 7LSF
0-2: Strikes out swinging
Top of the 7th over - 0 runs, 0 hits, 0 errors, 1 left on base; DSL Los Angeles (A) 1 - DSL Colorado 3
BOTTOM OF THE 7TH
DSL Colorado Rockies batting - Pitching for DSL Los Angeles (A) Angels : LHP José Guzmán
Batting: RHB Luis Rosales 0-0: Ball
1-0: Called Strike
1-1: Called Strike
1-2: Ball
2-2: Foul Ball, location: 2F
2-2: Strikes out swinging
Batting: RHB Chris Williams 0-0: Ball
1-0: Called Strike
1-1: Swinging Strike
1-2: Strikes out swinging
Batting: RHB Jim Unknown 0-0: Called Strike
0-1: Foul Ball, location: 3SF
0-2: Strikes out swinging
Bottom of the 7th over - 0 runs, 0 hits, 0 errors, 0 left on base; DSL Los Angeles (A) 1 - DSL Colorado 3
TOP OF THE 8TH
DSL Los Angeles (A) Angels batting - Pitching for DSL Colorado Rockies : LHP Raúl Padilla
Batting: RHB António Toro 0-0: Ball
1-0: Called Strike
1-1: Called Strike
1-2: Ball
2-2: Ball
3-2: Base on Balls
Pitching: RHP Jorge Hernández
Pinch Hitting: RHB Alfredo Ramírez 0-0: Swinging Strike
0-1: Foul Ball, location: 2F
0-2: Strikes out looking
Batting: RHB Manny García 0-0: Foul Ball, location: 23F
0-1: Foul Ball, location: 3SF
0-2: Strikes out looking
Pinch Hitting: RHB Nelson Santos 0-0: Foul Ball, location: 7LDF
0-1: Ball
1-1: Ball
2-1: Foul Ball, location: 2F
2-2: Strikes out swinging
Top of the 8th over - 0 runs, 0 hits, 0 errors, 1 left on base; DSL Los Angeles (A) 1 - DSL Colorado 3
BOTTOM OF THE 8TH
DSL Colorado Rockies batting - Pitching for DSL Los Angeles (A) Angels : LHP José Guzmán
Now at 2B: Nelson Santos
Now in RF: Juan Fabián
Batting: RHB Luis Fuentes 0-0: Ball
1-0: Ball
2-0: Foul Ball, location: 3SF
2-1: Ball
3-1: SOLO HOME RUN (Flyball, 89XD, EV 96.3 MPH), Distance : 386 ft
Pitching: RHP Cris Gonzáles
Batting: LHB Luis Salazar 0-0: Called Strike
0-1: Called Strike
0-2: Foul Ball, location: 7LDF
0-2: Ball
1-2: Fly out, F9 (Flyball, 9, EV 94.4 MPH)
Batting: LHB Raúl Rodríguez 0-0: Called Strike
0-1: Ball
1-1: Foul Ball, location: 7LSF
1-2: Foul Ball, location: 3FF
1-2: SINGLE (Line Drive, 89M, EV 108.1 MPH)
Batting: RHB Danny Morris 0-0: Ball
1-0: Ball
2-0: Called Strike
2-1: Called Strike
2-2: Strikes out swinging
Batting: LHB David Salinas 0-0: Foul Ball, location: 2LF
0-1: Ball
1-1: Swinging Strike
1-2: Fly out, F7 (Flyball, 78D, EV 103.8 MPH)
Bottom of the 8th over - 1 run, 2 hits, 0 errors, 1 left on base; DSL Los Angeles (A) 1 - DSL Colorado 4
TOP OF THE 9TH
DSL Los Angeles (A) Angels batting - Pitching for DSL Colorado Rockies : RHP Jorge Hernández
Pitching: RHP José Silva
Pinch Hitting: SHB Luis Féliz 0-0: Ball
1-0: SINGLE (Flyball, 89S, EV 84.4 MPH)
Batting: SHB Tomás Vargas 0-0: Foul Ball, location: 2F
0-1: Ball
1-1: Swinging Strike
1-2: Strikes out swinging
Batting: SHB Dani Vega 0-0: Fielders Choice at 2nd, 3-6 (Groundball, 3, EV 82.5 MPH)
Batting: RHB Juan Contreras 0-0: Called Strike
0-1: Foul Ball, location: 9LMF
0-2: Foul Ball, location: 2F
0-2: Ball
1-2: SINGLE (Groundball, 6MD, EV 106.9 MPH)
Dani Vega to second
Batting: LHB Mauro Aranda 0-0: Ball
1-0: Foul Ball, location: 9LMF
1-1: Ball
2-1: Ball
3-1: Base on Balls
Dani Vega to third
Juan Contreras to second
Batting: RHB António Toro 0-0: Called Strike
0-1: Ball
1-1: Ball
2-1: Swinging Strike
2-2: Foul Ball, location: 2F
2-2: Fly out, F2 (Popup, 25F, EV 87.5 MPH)
Top of the 9th over - 0 runs, 2 hits, 0 errors, 3 left on base; DSL Los Angeles (A) 1 - DSL Colorado 4
Friday, May 3rd , 2024 - OOTP Baseball 24.10 Build 82